 Dungeon Crawl Stone Soup version 0.18-a0-1426-g3b9a63c (webtiles) character file.

227822 namelastname112 the Black Belt (level 18, -5/153 HPs)
             Began as a White Draconian Monk on Feb 27, 2016.
             Was the Champion of Ashenzari.
             Slain by a sixfirhy (9 damage)
             ... on level 3 of the Abyss.
             The game lasted 02:04:08 (54198 turns).

namelastname112 the Black Belt (DrMo)              Turns: 54198, Time: 02:04:09

Health: -5/153     AC: 19    Str:  5 (11) XL:     18   Next: 69%
Magic:  38/38      EV: 26    Int: 12 (20) God:    Ashenzari [******]
Gold:   1464       SH: 13    Dex: 15 (19) Spells: 3 memorised, 20 levels left

rFire  + . .     SeeInvis +       - Unarmed
rCold  + . .     Gourm    .     (armour unavailable)
rNeg   + + .     Faith    .     n - +1 shield of Jigsaw {MP+9 Stlth+} (curse)
rPois  .         Spirit   .     P - +0 hat
rElec  .         Dismiss  .     J - +0 cloak of Temmobah {MR+ Int+4} (curse)
rCorr  .         Reflect  .     o - +3 pair of gauntlets of War {Slay+5} (curse)
SustAt .         Harm     .     g - +0 pair of boots "Beargh" {rN+ Int+4}
MR     ++...     Clarity  +     l - macabre finger necklace {rN+} (curse)
Stlth  +++.......               h - +4 ring of evasion (curse)
                                m - +3 ring of protection (curse)
                                G - ring of protection from fire

@: flying, very slightly contaminated, very resistant to hostile enchantments,
fairly stealthy
A: breathe frost, unfitting armour, antennae 1, big wings, stinger 1, talons 2,
see invisible, clever 1, clumsy 1, cold resistance 1, deterioration 2, dopey 2,
frail 1, wild magic 1, no device heal 1, cold-blooded, subdued magic 2, AC +10
a: Breathe Frost, Stop Flying, Curse Item, Scrying, Transfer Knowledge, Renounce
Religion
}: 1/15 runes: decaying


You were on level 3 of the Abyss.
You worshipped Ashenzari.
Ashenzari was exalted by your worship.
You were not hungry.

You visited 5 branches of the dungeon, and saw 32 of its levels.
You visited the Abyss 1 time.
You visited 1 bazaar.
You also visited: Labyrinth, Sewer and Ice Cave.

You collected 3683 gold pieces.
You spent 2195 gold pieces at shops.

Inventory:

Hand Weapons
 z - a +1 blowgun
Missiles
 A - 12 curare-tipped needles
Armour
 g - the +0 pair of boots "Beargh" (worn) {rN+ Int+4}
   (You bought it in a shop on level 2 of the Orcish Mines)

   It affects your intelligence (+4).
   It protects you from negative energy.
 n - the cursed +1 shield of Jigsaw (worn) {MP+9 Stlth+}
   (You found it on level 8 of the Lair of Beasts)

   It affects your magic capacity (+9).
   It makes you more stealthy.
   It has a curse placed upon it.
 o - the cursed +3 pair of gauntlets of War (worn) {Slay+5}
   (You acquired it on level 1 of the Swamp)

   It affects your accuracy and damage with ranged weapons and melee attacks
   (+5).
   It has a curse placed upon it.
 J - the cursed +0 cloak of Temmobah (worn) {MR+ Int+4}
   (You found it on level 8 of the Lair of Beasts)

   It affects your intelligence (+4).
   It affects your resistance to hostile enchantments.
   It has a curse placed upon it.
 P - a +0 hat (worn)
Rods
 s - a +0 rod of shadows (9/9)
   (You found it on level 2 of the Elven Halls)
Jewellery
 h - a cursed +4 ring of evasion (right hand)
 i - an uncursed ring of poison resistance
 l - the cursed macabre finger necklace (around neck) {rN+}
   (You found it on level 5 of the Dungeon)

   [amulet of nothing]

   It protects you from negative energy.
   It has a curse placed upon it.
 m - a cursed +3 ring of protection (left hand)
 F - the amulet "Ehaxtos" {+Rage rPois Int+5}
   (You took it off a minotaur in a labyrinth)

   [amulet of rage]

   It affects your intelligence (+5).
   It protects you from poison.
   It lets you go berserk.
 G - a ring of protection from fire (on amulet)
 I - an uncursed ring of protection from cold
 R - an uncursed amulet of harm
Wands
 d - a wand of teleportation (4/9)
 j - a wand of iceblast (5/15)
 p - a wand of hasting (6/9)
 N - a wand of disintegration (0/24)
 Q - a wand of iceblast (1/15)
 W - a wand of heal wounds (1/9)
 Y - a wand of teleportation (6/9)
Scrolls
 b - 7 scrolls of recharging
 r - a scroll of magic mapping
 t - a scroll of enchant armour
 w - 5 scrolls of identify
 x - 3 scrolls of enchant weapon
 L - 3 scrolls of fog
 X - a scroll of fear
Potions
 c - a potion of cancellation
 e - 2 potions of invisibility
 v - 4 potions of berserk rage
 B - 3 potions of agility
 C - 5 potions of brilliance
 H - 3 potions of might
 K - a potion of cure mutation
 M - a potion of magic
 S - a potion of resistance
 V - 4 potions of curing
 Z - 2 potions of haste
Books
 U - a book of the Warp

   Spells                             Type                      Level
   a - Recall                         Summoning/Translocation      3
   b - Gell's Gravitas                Hexes/Translocation          3
   c - Force Lance                    Conjuration/Translocation    4
   d - Warp Weapon                    Charms/Translocation         5
   e - Summon Forest                  Summoning/Translocation      5
Miscellaneous
 f - a stone of tremors
 y - a phial of floods
 D - a lamp of fire
 E - a fan of gales
 O - a legendary deck of summoning {drawn: 4}
Comestibles
 a - 17 bread rations
 k - 9 meat rations
 q - 2 royal jellies
 u - 7 fruits


   Skills:
 - Level 17.6 Fighting
 - Level 15.1 Dodging
 - Level 1.7 Stealth
 + Level 10.2(13.0) Shields
 - Level 18.0 Unarmed Combat
 * Level 7.8 Spellcasting
 * Level 8.2(11.2) Charms
 * Level 9.1(12.0) Transmutations


You had 20 spell levels left.
You knew the following spells:

 Your Spells              Type           Power        Failure   Level  Hunger
a - Ice Form              Ice/Trmt       ##......     9%          4    ####...
b - Haste                 Chrm           ###.....     17%         6    #######
c - Blink                 Tloc           N/A          16%         2    #......


Dungeon Overview and Level Annotations

Branches:
Dungeon (15/15)            Temple (0/1) D:5            Lair (8/8) D:10
  Swamp (4/4) Lair:4        Snake (0/4) Lair:6        Slime (0/6) Lair:7
    Orc (2/2) D:10            Elf (3/3) Orc:2        Vaults (0/5) D:13
 Depths (0/5) D:15

Altars:
Ashenzari
Cheibriados
Elyvilon
Fedhas
Makhleb
Nemelex Xobeh
Okawaru
Sif Muna
Vehumet
Xom
The Shining One
Beogh

Shops:
D:12 *   D:13 [   D:15 *%!   Orc:2 %}[*   Elf:1 ?   Elf:2 *%?

Annotations:
D:8 exclusion: ice statue
D:9 Erica
Lair:5 exclusion: oklob plant
Elf:2 5 runed doors
Abyss:1 Sonja


Innate Abilities, Weirdness & Mutations

You can breathe waves of freezing cold.
You can buffet flying creatures when you breathe cold.
Your icy white scales are hard (AC +10).
Your body does not fit into most forms of armour.
Your flesh is cold resistant.
You are cold-blooded and may be slowed by cold attacks.
You have a pair of small antennae on your head.
Your large and strong wings let you fly indefinitely.
Your tail ends in a poisonous barb.
You have razor-sharp toenails.
You have supernaturally acute eyesight.
Your mind is acute. (Int +2)
You are clumsy. (Dex -2)
Your body often deteriorates upon taking damage.
Your spells are a little harder to cast, but a little more powerful.
Potions and wands are less effective at restoring your health.
[You are very dopey. (Int -4)]
[You are frail (-10% HP).]
[Your spells are easier to cast, but less powerful.]


Message History

Evoke which item? (* to show all) (? for menu, Esc to quit)
Zapping:
W - a wand of heal wounds (3/9)
Press: ? - help, Shift-Dir - straight line, f - you You feel much better.
This wand has 2 charges left.
You block the raiju's attack. x2
Evoke which item? (* to show all) (? for menu, Esc to quit)
Zapping:
W - a wand of heal wounds (2/9)
Press: ? - help, Shift-Dir - straight line, f - you You feel much better.
This wand has 1 charge left.
The hellion gestures at you.
The hellfire explodes!
The burst of hellfire engulfs you!
* * * LOW HITPOINT WARNING * * *
Your body deteriorates!
You feel clumsy.
The burst of hellfire engulfs the raiju.
The raiju dies!
The burst of hellfire engulfs the raiju.
The sixfirhy hits you!
* * * LOW HITPOINT WARNING * * *
The sixfirhy shocks you!
You die...

*, #
####.,.......#.....#...
*
.,##....##,...##......
...,,, *...#.,.,##..,
.####.......#. , ##. ,
## .###.#.#......#. * *
#* .*..... ###*
..#.##..## .* *, . .*#
#*.##X2h#..##.#,,* ,
**., *.##*
#.........,##* , , ,*,
* ..##*, #.h§.#...## ,*
,* **. #,,#,**
#.@43###.. { ,* #,,.#
.# , *##.....### , * ,
. *. .##* **.###.....
,, # #. #,#..
,,#.**,*.#.. ,,, * ,
,,.* ., #.. ,.#*,* ..#
, * , *** .# , #.* ,
,*, , ,, . ,,,, **, * ,
, , , . *,, ** , , ** *
, ,,, , * , , , , ,*


You could see a large abomination, a sixfirhy, a hellion, 2 raiju and a
ynoxinul.

Vanquished Creatures
  Nikola (Swamp:4)
  Rupert (Lair:7)
  2 tentacled monstrosities
  A deep elf blademaster (Elf:3)
  A tentacled starspawn (Abyss:3)
  A thorn hunter (Swamp:4)
  Frances (D:12)
  Kirke (D:12)
  4 deep elf sorcerers
  Maud (D:10)
  A deep elf elementalist (Elf:3)
  Aizul (Swamp:2)
  An orc warlord (Orc:2)
  Louise (D:15)
  An emperor scorpion (D:15)
  A very ugly thing (Swamp:4)
  A salamander stormcaller (D:11)
  3 deep elf annihilators
  A lorocyproca (Abyss:3)
  A white draconian (IceCv)
  2 fire dragons (Lair:8)
  Snorg (Lair:8)
  A minotaur (Lab)
  A deep elf death mage (Elf:3)
  A vault guard (D:13)
  A deep elf high priest (Elf:3)
  26 hydras
  An ogre mage (D:15)
  Harold (D:11)
  2 centaur warriors (D:14)
  2 ghost crabs (Swamp:3)
  A death knight (D:15)
  7 alligators
  21 dancing weapons
  10 death yaks
  4 tengu warriors (D:14)
  Urug (Lair:4)
  5 orc high priests
  A thrashing horror (Abyss:3)
  5 deep elf knights
  Nergalle (D:12)
  The ghost of namelastname112 the Grappler, a novice DrMo (D:8)
  2 wretched stars (Abyss:3)
  2 skeletal warriors (D:15)
  7 swamp dragons
  2 wizards (D:13)
  4 spriggan druids
  A lindwurm (Lair:8)
  A large abomination (Abyss:3)
  6 deep elf archers
  A wolf spider zombie (D:15)
  4 harpies (D:14)
  A phantasmal warrior (D:15)
  2 necromancers (D:13)
  5 orc knights (Orc:2)
  Pikel (D:9)
  10 hill giants
  An orb spider (shapeshifter) (D:15)
  5 orc sorcerers
  A wolf spider (D:15)
  2 hornets
  9 griffons
  4 manticores
  35 deep elf magi
  3 salamanders
  2 cyclopes
  12 ugly things
  A worldbinder (Abyss:3)
  2 ice statues
  6 torpor snails
  4 gargoyles
  17 black mambas
  Maurice (D:11)
  4 centaur skeletons
  A kobold demonologist (D:7)
  21 spiny frogs
  5 rime drakes
  9 komodo dragons
  A freezing wraith (Lair:8)
  A yaktaur (D:13)
  10 giant leeches
  21 polar bears
  A merfolk (Lair:6)
  7 trolls
  A polar bear (shapeshifter) (D:14)
  A queen bee (D:10)
  23 slime creatures
  3 two-headed ogres
  31 blink frogs
  6 bog bodies
  4 air elementals
  4 spriggans
  2 wraiths (D:11)
  2 water elementals (Elf:1)
  18 humans (D:13)
  5 shadows
  A spriggan (shapeshifter) (Abyss:3)
  10 wyverns
  6 basilisks
  68 yaks
  3 fire elementals
  A hog (D:12)
  Grum (D:8)
  16 hippogriffs
  2 steam dragons (Lair:8)
  5 hungry ghosts
  9 vampire mosquitoes
  4 wargs
  Menkaure (D:7)
  33 wolves
  2 mottled dragons
  27 swamp worms
  17 water moccasins
  12 porcupines
  34 orc warriors
  19 ice beasts
  3 sky beasts
  4 eyes of draining
  16 swamp drakes
  7 wasps
  17 ogres
  4 phantoms
  11 centaurs
  A necrophage (D:11)
  24 crocodiles
  19 giant frogs
  6 big kobolds
  4 earth elementals
  2 wyvern zombies
  A wyvern skeleton (D:14)
  4 scorpions
  A scorpion (shapeshifter) (Elf:1)
  2 troll zombies (D:10)
  26 killer bees
  5 electric eels
  11 wights
  9 crimson imps
  A howler monkey (D:8)
  3 centaur zombies
  3 giant frog zombies
  A quasit (D:10)
  3 hounds
  19 orc priests
  5 giant frog skeletons
  A gnoll shaman (Orc:1)
  4 jellies
  13 orc wizards
  6 iguanas
  12 worker ants
  A killer bee zombie (D:7)
  29 sheep
  6 ogre zombies (D:10)
  A hound zombie (D:7)
  2 hound skeletons
  A worker ant zombie (D:7)
  16 gnolls
  59 river rats
  15 adders
  7 shadow imps
  A white imp (Lair:8)
  16 oozes
  2 adder skeletons
  19 worms
  A dart slug (D:1)
  17 giant geckos
  93 orcs
  7 bats
  19 giant cockroaches
  4 goblins
  7 hobgoblins
  12 jackals
  4 quokkas
  11 ball pythons
  11 giant newts
  2 goblin zombies (D:10)
  3 hobgoblin zombies (D:10)
  26 kobolds
  2 orc skeletons (D:10)
  18 orc zombies (D:10)
  6 rats
  A plant (Lair:8)
1395 creatures vanquished.

Vanquished Creatures (collateral kills)
  Gastronok (Lair:4)
  A manticore (Lair:6)
  A hippogriff (Lair:6)
  A porcupine (Lair:6)
4 creatures vanquished.

Vanquished Creatures (others)
  A swamp dragon (Swamp:4)
  A raiju (Abyss:3)
  2 spriggans
  A basilisk (Lair:8)
  A slave (D:9)
  3 wasps
  An orc priest (Orc:2)
  A hound (D:12)
  An orc wizard (Orc:1)
  An orc (D:12)
  3 bushes (D:15)
  2 fire vortices (D:11)
  43 fungi
  32 plants
  4 starspawn tentacles (Abyss:3)
  48 starspawn tentacle segments (Abyss:3)
145 creatures vanquished.

Grand Total: 1544 creatures vanquished

Notes
Turn   | Place    | Note
--------------------------------------------------------------
     0 | D:1      | namelastname112 the Draconian Monk began the quest for the Orb.
     0 | D:1      | Reached XP level 1. HP: 19/19 MP: 1/1
   194 | D:1      | Reached XP level 2. HP: 13/26 MP: 2/2
   498 | D:1      | Reached skill level 5 in Unarmed Combat
   503 | D:1      | Reached XP level 3. HP: 13/31 MP: 3/3
   672 | D:2      | Found a shattered altar of Ashenzari.
   677 | D:2      | Found a burning altar of Makhleb.
   748 | D:2      | Became a worshipper of Ashenzari the Shackled
   748 | D:2      | Reached * piety under Ashenzari
   748 | D:2      | Reached ** piety under Ashenzari
  1049 | D:2      | Found a snail-covered altar of Cheibriados.
  1603 | D:3      | Found a glowing golden altar of the Shining One.
  1637 | D:3      | Reached XP level 4. HP: 38/38 MP: 4/4
  2372 | D:4      | Found a glowing drain.
  2383 | D:4      | Reached skill level 6 in Unarmed Combat
  2414 | Sewer    | Entered a sewer
  2503 | Sewer    | Reached XP level 5. HP: 30/45 MP: 5/5
  2935 | Sewer    | Reached skill level 7 in Unarmed Combat
  3022 | Sewer    | Reached XP level 6. HP: 38/51 MP: 6/6
  3194 | D:4      | Reached skill level 8 in Unarmed Combat
  3540 | D:4      | Your scales start taking on an icy white colour.
  3540 | D:4      | Reached XP level 7. HP: 45/57 MP: 7/7
  3540 | D:4      | Gained mutation: Your flesh is cold resistant. [White Draconian growth]
  3899 | D:4      | Found a blossoming altar of Fedhas.
  4024 | D:4      | Reached skill level 9 in Unarmed Combat
  4033 | D:4      | Gained mutation: You have sharp toenails. [potion of mutation]
  4033 | D:4      | Gained mutation: You are agile. (Dex +2) [potion of mutation]
  4033 | D:4      | Gained mutation: Your body sometimes deteriorates upon taking damage. [potion of mutation]
  4104 | D:5      | Entered Level 5 of the Dungeon
  4136 | D:5      | Reached *** piety under Ashenzari
  4168 | D:5      | Found a shimmering altar of Xom.
  4338 | D:5      | Reached skill level 10 in Unarmed Combat
  4367 | D:5      | Found a staircase to the Ecumenical Temple.
  4471 | D:5      | Found an iron altar of Okawaru.
  4498 | D:5      | Reached XP level 8. HP: 63/63 MP: 8/8
  5444 | D:6      | Reached skill level 5 in Fighting
  5770 | D:6      | Found a white marble altar of Elyvilon.
  5967 | D:7      | Reached XP level 9. HP: 30/74 MP: 9/9
  6392 | D:7      | Noticed Menkaure
  6396 | D:7      | Killed Menkaure
  6396 | D:7      | Reached skill level 5 in Dodging
  6607 | D:7      | Reached skill level 11 in Unarmed Combat
  6836 | D:8      | Noticed a kobold demonologist
  6852 | D:7      | Killed a kobold demonologist
  7234 | D:8      | Noticed a deep elf mage
  7246 | D:8      | Noticed an ice statue
  7320 | D:8      | Noticed a demonic crawler
  7323 | D:8      | Noticed a soul eater
  7331 | D:8      | Noticed a demonic crawler
  7413 | D:8      | Noticed a jumping spider
  7419 | D:8      | Killed a deep elf mage
  7488 | D:8      | Noticed Grum
  7500 | D:8      | Killed Grum
  7500 | D:8      | Reached XP level 10. HP: 57/88 MP: 10/10
  7931 | D:8      | Noticed namelastname112's ghost (novice DrMo)
  8391 | D:8      | Killed namelastname112's ghost
  8391 | D:8      | Reached skill level 12 in Unarmed Combat
  8591 | D:9      | Found a radiant altar of Vehumet.
  9162 | D:9      | Noticed Erica
  9290 | D:9      | Noticed Pikel
  9319 | D:9      | Killed Pikel
  9470 | D:10     | Entered Level 10 of the Dungeon
  9485 | D:10     | Reached **** piety under Ashenzari
  9494 | D:10     | Found a staircase to the Orcish Mines.
  9875 | D:10     | Gained mutation: Your tail ends in a poisonous barb. [mutagenic meat]
  9876 | D:10     | Gained mutation: You have a pair of small antennae on your head. [mutagenic meat]
  9877 | D:10     | Gained mutation: Your spells are a little harder to cast, but a little more powerful. [mutagenic meat]
  9878 | D:10     | Gained mutation: Your body often deteriorates upon taking damage. [mutagenic meat]
  9984 | D:10     | Noticed Maud
 10273 | D:10     | Noticed a gargoyle
 10284 | D:10     | Killed a gargoyle
 10338 | D:10     | Noticed a gargoyle
 10463 | D:10     | Killed a gargoyle
 10463 | D:10     | Reached XP level 11. HP: 87/99 MP: 11/11
 10520 | D:10     | Found a staircase to the Lair.
 10559 | D:10     | Found a shimmering altar of Xom.
 10749 | D:11     | Reached skill level 10 in Fighting
 11356 | D:11     | Noticed a salamander stormcaller
 11926 | D:11     | Noticed Harold
 11928 | D:11     | Noticed an eight-headed hydra
 11957 | D:11     | Killed Harold
 12211 | D:11     | Killed an eight-headed hydra
 12211 | D:11     | Reached skill level 13 in Unarmed Combat
 12374 | D:11     | Noticed an eight-headed hydra
 12669 | D:11     | Noticed a hill giant
 12678 | D:11     | Killed a hill giant
 12718 | D:11     | Noticed a hill giant
 12968 | D:10     | Killed Maud
 13619 | D:11     | Noticed Maurice
 13645 | D:11     | Killed a hill giant
 13665 | D:11     | Killed Maurice
 13825 | D:11     | Identified the Handbook of Cold
 14078 | D:10     | Reached XP level 12. HP: 31/110 MP: 12/12
 14490 | Lair:1   | Entered Level 1 of the Lair of Beasts
 14940 | Lair:1   | Reached skill level 10 in Dodging
 16071 | Lair:2   | Reached skill level 14 in Unarmed Combat
 16173 | Lair:2   | HP: 3/113 [blink frog (15)]
 16746 | Lair:2   | Noticed Gastronok
 17270 | Lair:2   | Reached skill level 1 in Shields
 18277 | Lair:3   | Found a runed door.
 18284 | Lair:3   | Noticed a five-headed hydra
 18299 | Lair:3   | Identified a scroll of acquirement
 18299 | Lair:3   | Identified the cursed +0 pair of gloves of Wolaucvo {rF- Int+6 Slay+2 Stlth+} (You acquired it on level 3 of the Lair of Beasts)
 18659 | Lair:3   | Noticed Sonja
 18664 | Lair:3   | Banished Sonja
 18801 | Lair:3   | Found a sparkling altar of Nemelex Xobeh.
 18832 | Lair:3   | Gained mutation: Your large and strong wings let you fly indefinitely. [potion of mutation]
 18832 | Lair:3   | Gained mutation: Potions and wands are less effective at restoring your health. [potion of mutation]
 19348 | Lair:3   | Killed a five-headed hydra
 19494 | Lair:4   | Killed Gastronok
 19494 | Lair:4   | Reached XP level 13. HP: 66/122 MP: 13/13
 19702 | Lair:4   | Found a staircase to the Swamp.
 20406 | Lair:4   | Reached ***** piety under Ashenzari
 20791 | Lair:4   | Noticed Urug
 20823 | Lair:4   | Killed Urug
 20984 | Lair:5   | Found a frozen archway.
 21042 | IceCv    | Entered an ice cave
 21399 | IceCv    | Reached skill level 15 in Unarmed Combat
 22199 | IceCv    | Noticed a white draconian
 22228 | IceCv    | Killed a white draconian
 22559 | IceCv    | Identified Qiefon's Volume of Snow
 23522 | Lair:5   | Reached XP level 14. HP: 75/133 MP: 14/14
 24325 | Lair:6   | HP: 5/133 [wyvern (6)]
 26481 | Lair:6   | Reached skill level 15 in Fighting
 26608 | Lair:6   | Found a staircase to the Snake Pit.
 26764 | Lair:6   | Reached skill level 16 in Unarmed Combat
 26777 | Lair:6   | Drew Focus: Dex increased to 18, Str decreased to 12
 27293 | Lair:7   | Noticed Rupert
 27339 | Lair:7   | Paralysed by Rupert for 7 turns
 27353 | Lair:7   | Found a labyrinth entrance.
 27362 | Lab      | Entered a labyrinth
 28051 | Lab      | Identified the amulet "Ehaxtos" {+Rage rPois Int+5} (You took it off a minotaur in a labyrinth)
 28089 | Lab      | Identified the Disquisition on Earthen Self-Knowledge (You found it in a labyrinth)
 28113 | Lair:7   | Lost mutation: You are agile. (Dex +2) [potion of mutation]
 28435 | Lair:8   | Entered Level 8 of the Lair of Beasts
 28886 | Lair:8   | Drew Focus: Dex increased to 19, Str decreased to 11
 28919 | Lair:8   | Identified the +1 shield of Jigsaw {MP+9 Stlth+}
 28919 | Lair:8   | Identified the cursed +0 cloak of Temmobah {MR+ Int+4}
 28919 | Lair:8   | Identified the amulet "Sihin" {Inacc rPois}
 29093 | Lair:8   | Noticed Snorg
 29131 | Lair:8   | Killed Snorg
 30022 | Lair:8   | Reached XP level 15. HP: 118/143 MP: 15/15
 30489 | Lair:8   | Found a runed door.
 31844 | Lair:7   | Found a staircase to the Slime Pits.
 32075 | Lair:7   | Killed Rupert
 32958 | Orc:1    | Entered Level 1 of the Orcish Mines
 33042 | Orc:1    | Found a roughly hewn altar of Beogh.
 33101 | Orc:1    | Noticed an orc warlord
 33112 | Orc:2    | Entered Level 2 of the Orcish Mines
 33112 | Orc:2    | Found a staircase to the Elven Halls.
 33287 | Orc:2    | Reached skill level 17 in Unarmed Combat
 34059 | Orc:2    | Killed an orc warlord
 34854 | Orc:2    | Found Aqiec Icig's General Store.
 34854 | Orc:2    | Found Jiuf Dac's Gadget Boutique.
 34854 | Orc:2    | Found Fatz's Food Shoppe.
 34854 | Orc:2    | Found Qohinen's Antique Armour Shoppe.
 35206 | Orc:2    | Reached skill level 5 in Shields
 35708 | Orc:2    | Bought a wand of teleportation (5/9) for 459 gold pieces
 35711 | Orc:2    | Bought a pair of distressingly furry boots for 256 gold pieces
 35721 | Orc:2    | Identified the +0 pair of boots "Beargh" {rN+ Int+4} (You bought it in a shop on level 2 of the Orcish Mines)
 36971 | D:12     | Noticed Frances
 36999 | D:12     | Killed Frances
 36999 | D:12     | Reached XP level 16. HP: 147/152 MP: 16/16
 37003 | D:12     | Noticed Kirke
 37014 | D:12     | Killed Kirke
 37120 | D:12     | Noticed Nergalle
 37130 | D:12     | Killed Nergalle
 37258 | D:12     | Found a deep blue altar of Sif Muna.
 37384 | D:12     | Found Uguxzewn's General Store.
 37392 | D:12     | Bought a scroll of identify for 34 gold pieces
 37871 | D:13     | Gained mutation: You have razor-sharp toenails. [potion of mutation]
 37871 | D:13     | Gained mutation: You have supernaturally acute eyesight. [potion of mutation]
 37872 | D:13     | Gained mutation: Your mind is acute. (Int +2) [potion of mutation]
 37918 | D:13     | Found a gate to the Vaults.
 38039 | D:13     | Reached ****** piety under Ashenzari
 38356 | D:13     | Found Laaps's Antique Armour Shoppe.
 39833 | D:15     | Entered Level 15 of the Dungeon
 39858 | D:15     | Found a flickering gateway to a bazaar.
 39867 | Bazaar   | Entered a bazaar
 39868 | Bazaar   | Found Ygezxer's Gadget Shoppe.
 39871 | Bazaar   | Found Fafiucwi's Assorted Antiques.
 39888 | Bazaar   | Found Hiudomar's Gadget Shop.
 39896 | Bazaar   | Found Puohoucw's Jewellery Boutique.
 39904 | Bazaar   | Bought an uncursed ring of protection from fire for 200 gold pieces
 39935 | Bazaar   | Bought a pair of glowing gloves for 139 gold pieces
 40607 | D:15     | Noticed Louise
 40623 | D:15     | Killed Louise
 40641 | D:15     | Found Evaiput's Antique Armour Boutique.
 40687 | D:15     | Found Porch's Food Boutique.
 40701 | D:15     | Found Feoff's General Store.
 40768 | D:15     | Reached skill level 15 in Dodging
 40872 | D:15     | Found Mottarozue's Distillery.
 40877 | D:15     | Bought a potion of heal wounds for 75 gold pieces
 40877 | D:15     | Bought a potion of heal wounds for 75 gold pieces
 40877 | D:15     | Bought a potion of curing for 45 gold pieces
 40877 | D:15     | Bought a potion of curing for 45 gold pieces
 40877 | D:15     | Bought a potion of curing for 45 gold pieces
 40877 | D:15     | Bought a potion of haste for 150 gold pieces
 40900 | D:15     | Found a staircase to the Depths.
 41576 | D:15     | Reached skill level 18 in Unarmed Combat
 41954 | Lair:1   | Learned a level 4 spell: Ice Form
 41961 | Lair:1   | Learned a level 6 spell: Haste
 42028 | Swamp:1  | Entered Level 1 of the Swamp
 42239 | Elf:1    | Entered Level 1 of the Elven Halls
 42277 | Elf:1    | Found Saexom's Magic Scroll Boutique.
 42302 | Elf:1    | Bought a scroll of remove curse for 48 gold pieces
 42302 | Elf:1    | Bought a scroll of remove curse for 48 gold pieces
 42537 | Elf:1    | HP: 1/156 [halberd of venom (27)]
 43261 | Swamp:1  | Reached skill level 1 in Spellcasting
 43285 | Swamp:1  | Reached skill level 1 in Charms
 43287 | Swamp:1  | Reached skill level 1 in Transmutations
 43515 | Swamp:1  | Reached XP level 17. HP: 131/162 MP: 18/18
 43800 | Swamp:2  | Noticed Aizul
 44865 | Swamp:2  | Killed Aizul
 45363 | Swamp:2  | Noticed a tentacled monstrosity
 45383 | Swamp:2  | Killed a tentacled monstrosity
 46101 | Swamp:3  | Found a sparkling altar of Nemelex Xobeh.
 46138 | Swamp:3  | Noticed a tentacled monstrosity
 46159 | Swamp:3  | Killed a tentacled monstrosity
 46767 | Swamp:4  | Entered Level 4 of the Swamp
 46807 | Swamp:4  | Identified The Foundations of Spellcraft (You acquired it on level 4 of the Swamp)
 46812 | Swamp:4  | Learned a level 2 spell: Blink
 46984 | Swamp:4  | Reached skill level 5 in Transmutations
 47191 | Swamp:4  | Reached skill level 5 in Charms
 47825 | Swamp:4  | Reached skill level 5 in Spellcasting
 47957 | Swamp:4  | Noticed Nikola
 47980 | Swamp:4  | Killed Nikola
 48586 | Swamp:4  | Got a decaying rune of Zot
 49634 | Elf:1    | Reached XP level 18. HP: 170/170 MP: 26/26
 50598 | Elf:1    | Gained mutation: You are clumsy. (Dex -2) [a neqoxec]
 50913 | Elf:2    | Found Asecs's Food Boutique.
 51192 | Elf:2    | Found Likhlaemno's Magic Scroll Shoppe.
 51395 | Elf:2    | Found Zej Galau's Assorted Antiques.
 51758 | Elf:2    | Bought a hardcover manual for 480 gold pieces
 51759 | Elf:2    | Bought a potion of curing for 96 gold pieces
 51887 | Elf:2    | Found a huge runed gate.
 51887 | Elf:2    | Found a huge runed gate.
 51887 | Elf:2    | Found a huge runed gate.
 51887 | Elf:2    | Found a huge runed gate.
 51887 | Elf:2    | Found a huge runed gate.
 51937 | Elf:3    | Entered Level 3 of the Elven Halls
 52321 | Elf:3    | Found Ufoy's Magic Scroll Emporium.
 52814 | Elf:3    | Reached skill level 10 in Shields
 53241 | Elf:3    | Cast into level 3 of the Abyss (a deep elf demonologist)
 53782 | Abyss:3  | Noticed a bone dragon
 54022 | Abyss:3  | Found a corrupted altar of Lugonu.
 54114 | Abyss:3  | Noticed a Hell Sentinel
 54196 | Abyss:3  | HP: 4/153 [raiju/living lightning (10)]
 54198 | Abyss:3  | Slain by a sixfirhy

Vault maps used:
D:1:      dpeg_arrival_connections, minmay_misc_feat_four_crosses
D:2:      lemuel_round_altar, minitemple
D:3:      tso_metal_star
D:4:      kennysheep_little_box, nicolae_ossuary_entry_false_entrances,
          first_bread, gup_sewer_entry_glass, kennysheep_generic_room_8
D:5:      led_xom_imps, okawaru_altar_gauntlet_db, minmay_temple_entry_poolview
D:6:      lemuel_doored_altar
D:7:      uniq_menkaure
D:8:      minmay_statue_hallways, uniq_grum
D:9:      basic_altar, uniq_erica, uniq_pikel
D:10:     zombieorc2_lemuel, basic_altar, uniq_maud
D:11:     david_nohive_1, uniq_harold, uniq_maurice
D:12:     serial_shops, nicolae_shop_stone, lemuel_blue_sif_altar,
          uniq_nergalle, uniq_frances, uniq_kirke
D:13:     lemuel_upstairs_altar, grunt_vaults_entry_tiered, serial_column_ruins,
          column_ruins_open_tiny, column_ruins_grid_1,
          column_ruins_columns_straight, column_ruins_grid_3,
          column_ruins_corridor_corner, serial_shops, shop_statue,
          kennysheep_generic_room_3
D:14:     hangedman_aviary
D:15:     hangedman_depths_entry_try_elsewhere_first, serial_shops,
          bzr_in_the_mist, shop, shop, shop, nicolae_shop_waterfront,
          serial_park_tiny_2, stair_cage_cross, uniq_louise
Lair:1:   infiniplex_staircase_pool_2, serial_bayou_shore_a
Lair:2:   uniq_gastronok
Lair:3:   basic_altar, eino_small_chamber_without_monster, pf_torpor_hydra,
          grunt_megastairs_4, serial_bayou_shore_b, uniq_sonja
Lair:4:   minmay_swamp_entry_eels, uniq_urug
Lair:5:   portal_ice_cave_entry_ice_beasts, minmay_lair_oklob_bushes
Lair:6:   minmay_snake_entry_six_corridors, special_room
Lair:7:   minmay_slime_entry_pillars, lab_entry_generic, uniq_rupert
Lair:8:   wormcave, guppyfry_lair_end_dragon, nicolae_quartered_pool_super,
          ice2_lemuel, uniq_snorg
Swamp:1:  evilmike_swamp_ruin_house_5
Swamp:2:  nicolae_swamp_trees_clearing, uniq_aizul
Swamp:3:  basic_altar, swamp_pool3
Swamp:4:  swamp, uniq_nikola
Orc:1:    mines2_david
Orc:2:    grunt_orc_tribal_feast
Elf:1:    serial_shops, nicolae_shop_statue_plus, evilmike_minifort,
          grunt_megastairs_3
Elf:2:    serial_shops, shop, nicolae_shop_stone, shop, st_stairs_8
Elf:3:    elf_hall, serial_shops, nicolae_shop_trees, st_stairs_10,
          grunt_megastairs_2
Abyss:3:  hangedman_decor_lopped
Lab:      nicolae_lab_dead_adventurers, labyrinth_skeletal_remains,
          lab_fountain, nicolae_lab_very_dead_end
Bazaar:   bazaar_kb_twisted_cavern
Sewer:    sewer_frog_island_02
IceCv:    ice_cave_caverns_01

Skill      XL: |  1  2  3  4  5  6  7  8  9 10 11 12 13 14 15 16 17 18 |
---------------+-------------------------------------------------------+-----
Unarmed Combat | 5 6 7 8 10 11 12 13 14 15 16 17 18 | 18.0
Dodging        | 4 6 8 9 10 12 13 14 15 | 15.1
Fighting       | 5 7 9 11 13 14 15 16 17 | 17.6
Shields        | 3 5 8 9 10 | 10.2
Spellcasting   | 1 5 7 |  7.8
Charms         | 1 6 8 |  8.2
Transmutations | 1 6 9 |  9.1
Stealth        | |  1.7

Action                   |  1- 3 |  4- 6 |  7- 9 | 10-12 | 13-15 | 16-18 || total
-------------------------+-------+-------+-------+-------+-------+-------++-------
Melee: Unarmed           |   120 |   341 |   402 |  1057 |  2459 |  2170 ||  6549
 Fire: Blowgun           |       |       |       |    26 |     8 |       ||    34
Throw: Throwing net      |       |       |       |     1 |       |       ||     1
 Cast: Blink             |       |       |       |       |       |     1 ||     1
Invok: Curse Item        |       |       |     1 |     1 |     3 |     3 ||     8
       Scrying           |       |       |     1 |     1 |     1 |     3 ||     6
 Abil: Breathe Frost     |       |       |    13 |    28 |    25 |     8 ||    74
       Fly               |       |       |       |     1 |       |       ||     1
       Evoke Berserk Rag |       |       |       |       |     5 |     3 ||     8
Evoke: Deck              |       |       |       |     3 |    22 |       ||    25
       Wand              |       |       |       |     2 |    10 |    25 ||    37
       Phial of floods   |       |       |       |       |     1 |       ||     1
  Use: Scroll            |       |       |    12 |    13 |    15 |    20 ||    60
       Potion            |       |       |     2 |     9 |    12 |    12 ||    35
 Stab: Sleeping          |     5 |     2 |     6 |     3 |     2 |    12 ||    30
       Distracted        |     1 |       |       |       |     2 |     7 ||    10
       Invisible         |       |       |     6 |       |       |       ||     6
       Paralysed         |       |       |       |       |     5 |       ||     5
       Confused          |       |       |       |       |     2 |       ||     2
  Eat: Chunk             |     1 |     8 |    12 |    28 |    50 |    32 ||   131
       Pizza             |       |       |     2 |       |       |     1 ||     3
       Fruit             |       |       |     1 |     2 |     5 |       ||     8
       Meat ration       |       |       |       |     4 |     2 |     1 ||     7
       Beef jerky        |       |       |       |       |     3 |     4 ||     7
       Royal jelly       |       |       |       |       |       |     8 ||     8
